 Dungeon Crawl Stone Soup version 0.19.1-1-g22dce08 (webtiles) character file.

1857996 Thatgoblin the Minotaur Blade (level 25, 253/253 HPs)
             Began as a Minotaur Fighter on Jan 5, 2017.
             Was an Initiate of Gozag.
             Escaped with the Orb
             ... and 3 runes on Jan 6, 2017!
             The game lasted 02:45:03 (54792 turns).

Thatgoblin the Minotaur Blade (Minotaur Fighter)   Turns: 54792, Time: 02:45:03

Health: 253/253    AC: 45    Str: 25    XL:     25   Next: 65%
Magic:  22/22      EV: 19    Int: 18    God:    Gozag
Gold:   678        SH: 22    Dex: 22    Spells: 0 memorised, 24 levels left

rFire  + . .     SeeInvis +     d - +9 double sword (freeze)
rCold  + . .     Gourm    .     z - +12 gold dragon scales of Faerunif {+Fly rPois rF+ rC+ Int+7 Dex+3 Slay-2}
rNeg   + . .     Faith    .     t - +4 shield {reflect}
rPois  +         Spirit   .     (helmet restricted)
rElec  +         Reflect  +     H - +1 cloak of Wula {rElec Dex-2 SInv}
rCorr  .         Harm     .     g - +2 pair of gloves of the Hippo {Dex+2}
MR     +++++     Rnd*Tele +     T - +2 pair of boots {Stlth+}
Stlth  ..........               x - amulet "Vees" {Regen+ Int+5 SInv}
                                D - ring "Qeohue" {*Contam rN+ MR+++ Str+2 SInv}
                                u - ring of the Villain {MR+ Slay+5}

@: very slightly contaminated
A: retaliatory headbutt, horns 2, sense surroundings 1, screaming 1, slow
regeneration 1, teleportitis 1
a: Potion Petition, Call Merchant, Bribe Branch, Renounce Religion, Evoke Flight
0: Orb of Zot
}: 3/15 runes: barnacled, silver, gossamer


You escaped.
You worshipped Gozag.
Gozag was pleased with you.
You were very full.

You visited 9 branches of the dungeon, and saw 47 of its levels.
You visited 2 bazaars.
You visited 1 ziggurat, and saw 1 of its levels.
You also visited: Labyrinth, Sewer and Bailey.

You collected 29362 gold pieces.
You spent 10256 gold pieces at shops.
You paid 18428 gold pieces to Gozag.

Inventory:

Hand Weapons
 d - a +9 double sword of freezing (weapon)
Armour
 g - the +2 pair of gloves of the Hippo (worn) {Dex+2}
   (You acquired it on level 5 of the Depths)

   It affects your dexterity (+2).
 t - a +4 shield of reflection (worn)
 z - the +12 gold dragon scales of Faerunif (worn) {+Fly rPois rF+ rC+ Int+7 Dex+3 Slay-2}
   (You bought it in a shop on level 2 of the Orcish Mines)

   It affects your intelligence (+7).
   It affects your dexterity (+3).
   It affects your accuracy and damage with ranged weapons and melee attacks
   (-2).
   It protects you from fire.
   It protects you from cold.
   It protects you from poison.
   It lets you fly.
 H - the +1 cloak of Wula (worn) {rElec Dex-2 SInv}
   (You found it on level 2 of the Shoals)

   It affects your dexterity (-2).
   It insulates you from electricity.
   It lets you see invisible.
 T - a +2 pair of boots of stealth (worn)
Jewellery
 u - the ring of the Villain (left hand) {MR+ Slay+5}
   (You took it off an orc knight on level 5 of the Vaults)

   [ring of protection from magic]

   It affects your accuracy and damage with ranged weapons and melee attacks
   (+5).
   It affects your resistance to hostile enchantments.
 x - the amulet "Vees" (around neck) {Regen+ Int+5 SInv}
   (You acquired it on level 15 of the Dungeon)

   [amulet of regeneration]

   It affects your intelligence (+5).
   It lets you see invisible.
   It increases your rate of regeneration.
 D - the ring "Qeohue" (right hand) {*Contam rN+ MR+++ Str+2 SInv}
   (You bought it in a shop on level 5 of the Depths)

   [ring of see invisible]

   It affects your strength (+2).
   It protects you from negative energy.
   It affects your resistance to hostile enchantments.
   It lets you see invisible.
   It causes magical contamination when unequipped.
 J - an uncursed ring of resist corrosion
 Q - an uncursed ring of teleportation
Wands
 E - a wand of acid (7/15)
 O - a wand of hasting (5/9)
 P - a wand of hasting (5/9)
 R - a wand of iceblast (7/15)
 Y - a wand of disintegration (12/24)
Scrolls
 a - 3 scrolls of silence
 b - 2 scrolls of blinking
 c - 2 scrolls of fear
 m - 5 scrolls of fog
 o - 12 scrolls of identify
 y - 4 scrolls of magic mapping
 B - 12 scrolls of teleportation
 F - 4 scrolls of recharging
 S - 8 scrolls of enchant weapon
 U - a scroll of holy word
 W - a scroll of summoning
 X - 11 scrolls of remove curse
Potions
 e - 2 potions of magic
 j - 3 potions of heal wounds
 k - 3 potions of might
 n - a potion of brilliance
 p - 3 potions of lignification
 r - 19 potions of curing
 s - 5 potions of ambrosia
 G - a potion of berserk rage
 I - 6 potions of flight
 K - 3 potions of haste
 L - 2 potions of agility
 N - a potion of cure mutation
 Z - a potion of invisibility
Comestibles
 f - 19 bread rations
 l - 35 fruits
 w - 12 meat rations
 V - 13 royal jellies


   Skills:
 * Level 26.1 Fighting
 - Level 26.7 Long Blades
   Level 6.5(6.6) Axes
   Level 1.2(4.2) Maces & Flails
 - Level 0.2 Throwing
 - Level 20.1 Armour
 - Level 19.6 Dodging
 - Level 21.4 Shields
 - Level 0.6 Evocations


You had 24 spell levels left.
You didn't know any spells.

Dungeon Overview and Level Annotations

Branches:
Dungeon (15/15)            Temple (1/1) D:6            Lair (6/6) D:10
 Shoals (4/4) Lair:2       Spider (4/4) Lair:4        Slime (0/5) Lair:6
    Orc (2/2) D:9             Elf (0/3) Orc:2        Vaults (5/5) D:14
  Crypt (0/3) Vaults:3     Depths (5/5) D:15            Zot (5/5) Depths:5

Altars:
Ashenzari
Cheibriados
Dithmenos
Elyvilon
Fedhas
Gozag
Hepliaklqana
Kikubaaqudgha
Makhleb
Nemelex Xobeh
Okawaru
Qazlal
Ru
Sif Muna
Trog
Uskayaw
Vehumet
Xom
Yredelemnul
Zin
The Shining One
Jiyva

Shops:
D:6 (   D:9 ?   D:11 [   Orc:2 (([=   Shoals:2 !   Vaults:3 }?}(   Vaults:4 [?
Depths:1 }   Depths:3 %(:   Depths:4 ?   Depths:5 =

Portals:
Hell: Lair:6 Depths:1 Depths:2 Depths:3 Depths:4 Depths:5
Abyss: Depths:4
Pandemonium: Depths:2 Depths:3 Depths:4
Trove: Depths:1 (give +5 ice dragon scales)

Annotations:
Depths:1 exclusion: orange crystal statue


Innate Abilities, Weirdness & Mutations

You reflexively headbutt those who attack you in melee.
You have a pair of horns on your head.
You passively map a small area around you.
You occasionally shout uncontrollably at your foes.
You regenerate slowly when monsters are visible.
You are occasionally teleported next to monsters.


Message History

You climb upwards.
There is a stone staircase leading down here.
An Orb Guardian comes into view.
There is an open door here.
You open the Orb Guardian like a pillowcase!!!
You freeze the Orb Guardian!!
The Orb Guardian is almost dead.
You slice the Orb Guardian!! You freeze the Orb Guardian!
You kill the Orb Guardian!
No target in view!
There is an open door here.
There is an open door here.
There is an open door here.
You see here a club.
There is a staircase leading out of the dungeon here.
Okay, then.
There is a staircase leading out of the dungeon here.
There is a staircase leading out of the dungeon here.
There is a staircase leading out of the dungeon here.
You have escaped!

......###.#####...#.#.###########
......#.#.....#...#.#.#..........
##.......(##.##...#.#.#.#########
#.........#........#.#.........#
##.........########.#.###>..###.#
...........#........#.###...###+#
..........#...#####.#.#..........
.....####...###...#.#.#..........
.....##...###.).@.#.#.#..........
.....#..#####.#...#.#.#.......)..
.####..####.#.#...#.#.'..........
.# #..####.##'#####.###..........
.###.## #..##..#....##...........
###..# ##.#.#..'....##...........
##..## #..###..#....##...........
##.## ##.#.##'#####.###..........
#.(# #..#.##.#...#.# #..........


There were no monsters in sight!

Vanquished Creatures
  3 orbs of fire (Zot:5)
  A juggernaut (Depths:4)
  2 ancient liches
  Xtahua (Depths:5)
  A curse toe (Zot:5)
  Jory (Depths:3)
  Nikola (Spider:2)
  9 golden dragons
  A bone dragon (Depths:5)
  A Brimstone Fiend (Depths:1)
  3 electric golems
  13 tentacled monstrosities
  Jorgrun (Vaults:3)
  Rupert (Spider:1)
  Asterion (Depths:2)
  4 liches
  9 Orb Guardians
  6 quicksilver dragons
  Polyphemus (Shoals:2)
  A titan (Depths:5)
  5 death cobs
  2 sphinxes
  16 shadow dragons
  7 tengu reavers
  The ghost of christhawk the Severer, an adept HOFi of Beogh (Shoals:4)
  Donald (Vaults:3)
  3 draconian monks (Zot:3)
  15 storm dragons
  5 draconian knights
  A revenant (Zig:1)
  7 fire giants
  17 vault wardens
  8 frost giants
  11 ghost moths
  A warmonger (D:11)
  6 iron dragons
  4 emperor scorpions
  A deep elf elementalist (Vaults:4)
  8 draconian shifters
  4 draconian zealots
  6 draconian scorchers
  2 curse skulls
  A balrug (Depths:5)
  The ghost of Spif the Severer, a journeyman HOFi of Okawaru (Spider:1)
  8 ironheart preservers
  2 caustic shrike skeletons (Depths:3)
  A war gargoyle (Vaults:5)
  A ghoul (Vaults:3)
  5 draconian annihilators
  18 stone giants
  14 very ugly things
  A reaper (D:11)
  5 vampire knights
  A draconian caller (Zot:1)
  A stone giant (shapeshifter) (Depths:4)
  7 entropy weavers
  A lorocyproca (Depths:3)
  6 black draconians
  A deep elf annihilator (Vaults:5)
  The ghost of Nevereven the Earth Mage, a journeyman GrEE of Vehumet (Lair:3)
  Azrael (D:15)
  8 mottled draconians
  5 red draconians
  5 green draconians
  8 yellow draconians
  A dire elephant (Lair:6)
  9 purple draconians
  4 spark wasps
  8 white draconians
  2 merfolk javelineers
  A deep elf death mage (Depths:4)
  17 fire dragons
  16 ettins
  20 ogre magi
  A minotaur (Lab)
  The ghost of HAWKINGL3623 the Cleaver, a journeyman HOBe of Trog (D:10)
  4 rakshasas
  3 deep elf high priests
  14 great orbs of eyes
  11 ice dragons
  18 yaktaur captains
  The ghost of findtopher the Thaumaturge, a journeyman DEFE of Vehumet (Lair:3)
  3 merfolk impalers (Shoals:4)
  A catoblepas (Shoals:2)
  3 hydras
  Harold (D:10)
  35 vault guards
  2 hell beasts
  2 spriggan air magi
  An alligator snapping turtle (Shoals:4)
  A merfolk avatar (Shoals:4)
  4 death knights
  A merfolk aquamancer (Shoals:4)
  16 centaur warriors
  9 deep troll shamans
  Urug (Orc:1)
  9 tengu warriors
  An orc high priest (Orc:2)
  4 death yaks
  7 deep troll earth magi
  A hell hog (Depths:4)
  A vampire mage (Depths:4)
  2 spriggan berserkers (Depths:5)
  8 deep elf knights
  2 sun demons (Depths:5)
  A soul eater (D:11)
  The ghost of Spif the Cleaver, a novice HOFi of Okawaru (D:6)
  A fire crab (shapeshifter) (Vaults:3)
  5 hell knights (Depths:2)
  3 titan skeletons (Depths:3)
  A salamander mystic (Depths:3)
  4 iron trolls
  13 skeletal warriors
  A sea snake (shapeshifter) (Depths:5)
  4 unseen horrors
  A torturous demonspawn (D:11)
  7 sea snakes
  An unseen horror (shapeshifter) (Depths:2)
  A shadow wraith (Vaults:4)
  A gelid demonspawn (D:3)
  A spark wasp zombie (Depths:2)
  21 deep trolls
  5 flayed ghosts
  4 glowing orange brains
  An infernal demonspawn (D:11)
  An orange crystal statue (Zot:3)
  9 wizards
  4 golden dragon skeletons (Depths:3)
  18 ironbrand convokers
  A wolf spider zombie (D:14)
  19 harpies
  5 phantasmal warriors
  3 deep elf archers
  2 oklob plants (Zot:3)
  7 orc knights
  10 hill giants
  13 orb spiders
  8 deep elf magi
  6 necromancers
  A fire giant zombie (Depths:2)
  24 wolf spiders
  50 ugly things
  5 orc sorcerers
  The ghost of findtopher the Thaumaturge, a novice DEFE of Hepliaklqana (Bailey)
  6 cyclopes
  3 salamanders (Depths:3)
  6 manticores
  An iron dragon skeleton (Depths:3)
  3 elephants (Lair:4)
  2 salamanders (shapeshifter)
  4 tengu skeletons (Depths:3)
  17 moths of wrath
  2 sirens
  Joseph (D:10)
  3 sphinx skeletons
  3 centaur zombies
  13 vault sentinels
  A fire giant skeleton (Depths:3)
  3 frost giant skeletons (Depths:3)
  3 black mambas
  A water nymph (Shoals:4)
  A gargoyle (D:13)
  10 spiny frogs
  4 orange demons (Lair:6)
  5 torpor snails (Lair:4)
  9 komodo dragons
  A redback zombie (D:15)
  4 rime drakes
  6 freezing wraiths
  55 yaktaurs
  6 ice devils
  A hellwing (Lair:6)
  6 tengu conjurers
  10 demonic crawlers
  A queen bee (D:11)
  2 red devils
  3 elf skeletons (Depths:3)
  9 meliai
  11 trolls
  A yaktaur skeleton (Vaults:2)
  A queen bee (shapeshifter) (Depths:3)
  2 polar bears
  2 raiju (shapeshifter)
  A troll (shapeshifter) (Vaults:2)
  33 jumping spiders
  A wind drake (shapeshifter) (Depths:2)
  10 merfolk
  2 wind drakes
  The ghost of Hilbert90 the Cudgeler, an amateur MiBe of Trog (D:5)
  A two-headed ogre (shapeshifter) (Vaults:1)
  A meliai (shapeshifter) (Depths:1)
  12 hornets
  40 two-headed ogres
  A tengu simulacrum (Vaults:3)
  15 blink frogs
  16 hippogriffs
  12 slime creatures
  8 dream sheep
  A spriggan zombie (Depths:2)
  A fire giant simulacrum (Vaults:2)
  6 snapping turtles
  6 shadows
  A spriggan (shapeshifter) (Vaults:4)
  10 flying skulls (Depths:3)
  2 spriggan skeletons (Depths:3)
  5 air elementals
  4 vampires
  9 water elementals
  27 tarantellas
  4 wyverns
  65 redbacks
  2 ynoxinuls (Depths:3)
  Grum (D:8)
  6 wraiths
  26 yaks
  A yaktaur simulacrum (Vaults:1)
  4 hungry ghosts
  A neqoxec (D:8)
  A steam dragon (D:11)
  A fire elemental (D:15)
  10 basilisks
  A vampire mosquito (D:15)
  6 mottled dragons
  A soldier ant (shapeshifter) (Depths:5)
  5 wargs
  10 hell hounds
  A soldier ant (D:13)
  A floating eye (Depths:3)
  7 porcupines
  13 water moccasins
  6 sky beasts
  3 ice beasts
  24 orc warriors
  A phantom (D:13)
  An ettin simulacrum (Vaults:1)
  2 necrophages
  30 centaurs
  69 ogres
  19 boggarts
  9 wolves
  9 crocodiles
  7 big kobolds
  21 bullfrogs
  9 gnoll sergeants
  A deep troll simulacrum (Vaults:2)
  A water moccasin zombie (D:7)
  4 scorpions
  An elf simulacrum (Vaults:2)
  A water moccasin skeleton (D:4)
  2 wights (D:14)
  40 killer bees
  4 howler monkeys
  2 electric eels
  13 crimson imps
  A quasit (D:10)
  A bullfrog zombie (D:7)
  11 orc priests
  4 centaur skeletons
  10 hounds
  4 jellies
  6 gnoll shamans
  12 orc wizards
  A bullfrog skeleton (D:5)
  2 iguanas
  13 worker ants
  6 lightning spires (Zot:3)
  A hound zombie (D:10)
  2 hound skeletons (D:4)
  13 adders
  30 gnolls
  2 river rats (Sewer)
  6 shadow imps
  2 ufetubi
  5 oozes
  2 adder skeletons
  5 worms
  2 dart slugs
  7 leopard geckos
  66 orcs
  6 giant cockroaches
  13 goblins
  5 hobgoblins
  12 jackals
  45 kobolds
  6 quokkas
  4 ball pythons
  6 bats
  3 frilled lizards
  A jackal skeleton (D:4)
  A leopard gecko skeleton (D:5)
  A leopard gecko zombie (D:3)
  10 rats
  2 plants
2027 creatures vanquished.

Vanquished Creatures (collateral kills)
  An ancient lich (Vaults:5)
  Mennas (Vaults:5)
  A golden dragon (Zot:5)
  A lich (Vaults:5)
  A tentacled monstrosity (Vaults:5)
  6 Orb Guardians (Zot:5)
  2 titans (Vaults:5)
  2 shadow dragons (Vaults:5)
  A storm dragon (Vaults:5)
  Ilsuiw (Shoals:4)
  A vault warden (Vaults:5)
  A frost giant (Vaults:5)
  3 war gargoyles (Vaults:5)
  A very ugly thing (Vaults:5)
  A red draconian (Zot:5)
  A merfolk impaler (Shoals:4)
  2 yaktaur captains (Vaults:5)
  2 deep elf high priests (Vaults:5)
  A hydra (shapeshifter) (Vaults:5)
  A dancing weapon (Vaults:5)
  3 death yaks (Shoals:2)
  A satyr (Shoals:4)
  A deep troll earth mage (Vaults:5)
  A deep troll (Vaults:5)
  2 orc knights
  A water nymph (Shoals:2)
  A deep elf mage (Vaults:5)
  A faun (Shoals:2)
  A moth of wrath (Zot:5)
  A manticore (Shoals:4)
  5 merfolk
  2 wind drakes
  2 orc warriors (Vaults:5)
  2 orcs
  A plant (Shoals:1)
56 creatures vanquished.

Vanquished Creatures (others)
  4 ancient liches (Zot:5)
  2 Killer Klowns (Zot:5)
  An electric golem (Zot:5)
  2 tentacled monstrosities
  A hellephant (Zot:5)
  13 Orb Guardians (Zot:5)
  A sphinx (Vaults:5)
  2 shadow dragons (Vaults:5)
  2 fire giants
  A vault warden (Vaults:5)
  A draconian scorcher (Zot:5)
  2 stone giants
  A green draconian (Zot:5)
  A black draconian (Zot:5)
  A mottled draconian (Zot:5)
  A deep elf annihilator (Vaults:5)
  A red draconian (Zot:5)
  A white draconian (Zot:5)
  An ettin (Vaults:5)
  A merfolk javelineer (Shoals:4)
  A merfolk impaler (Shoals:4)
  An ice dragon (Vaults:5)
  4 yaktaur captains
  A vault guard (Vaults:5)
  A merfolk aquamancer (Shoals:4)
  A dancing weapon (Vaults:5)
  A deep troll (Vaults:5)
  An unseen horror (shapeshifter) (Depths:2)
  3 harpies
  An orb spider (Spider:4)
  An orc knight (Vaults:5)
  A wolf spider (Spider:4)
  A deep elf mage (Depths:5)
  An orc sorcerer (Vaults:5)
  A manticore (Shoals:4)
  4 moths of wrath (Zot:5)
  A siren (Shoals:4)
  A water nymph (Shoals:4)
  5 vault sentinels
  10 yaktaurs
  A jumping spider (Spider:1)
  A hornet (shapeshifter) (Vaults:5)
  A hellwing (Zot:5)
  5 merfolk
  An orc warrior (Vaults:5)
  4 ogres
  A boggart (Depths:4)
  7 centaurs
  A big kobold (Sewer)
  A bullfrog (D:7)
  A wight (D:14)
  A gnoll shaman (Bailey)
  3 gnolls
  An ooze (Sewer)
  A worm (Sewer)
  2 orcs
  A kobold (D:14)
  3 fungi
  10 plants
127 creatures vanquished.

Grand Total: 2210 creatures vanquished

Notes
Turn   | Place    | Note
-------+----------+-------------------------------------------
     0 | D:1      | Thatgoblin the Minotaur Fighter began the quest for the Orb.
     0 | D:1      | Reached XP level 1. HP: 19/19 MP: 0/0
   193 | D:1      | Reached XP level 2. HP: 22/26 MP: 1/1
   528 | D:1      | Reached XP level 3. HP: 24/31 MP: 2/2
  1120 | D:2      | Reached skill level 5 in Axes
  1314 | D:2      | Reached XP level 4. HP: 27/39 MP: 3/3
  1929 | D:3      | Reached skill level 1 in Maces & Flails
  2670 | D:4      | Reached skill level 5 in Shields
  2670 | D:4      | Reached XP level 5. HP: 44/45 MP: 4/4
  2712 | D:4      | Found a burning altar of Makhleb.
  3083 | D:4      | Reached XP level 6. HP: 51/51 MP: 5/5
  3161 | D:5      | Entered Level 5 of the Dungeon
  3161 | D:5      | Noticed Hilbert90's ghost (amateur MiBe)
  3169 | D:5      | Killed Hilbert90's ghost
  3185 | D:5      | Reached XP level 7. HP: 52/57 MP: 6/6
  3721 | D:5      | Found a sparkling altar of Nemelex Xobeh.
  3918 | D:6      | Noticed Spif's ghost (novice HOFi)
  3927 | D:6      | Reached skill level 10 in Shields
  3940 | D:6      | Killed Spif's ghost
  3940 | D:6      | Reached XP level 8. HP: 49/64 MP: 7/7
  3993 | D:6      | Found a staircase to the Ecumenical Temple.
  4003 | Temple   | Entered the Ecumenical Temple
  4053 | D:6      | Reached skill level 5 in Armour
  4147 | D:6      | Found a glowing drain.
  4154 | Sewer    | Entered a sewer
  4616 | Sewer    | Reached XP level 9. HP: 70/70 MP: 8/8
  4957 | Temple   | Became a worshipper of Gozag Ym Sagoz the Greedy
  5045 | D:6      | Found Kaeveylu's Antique Weapon Shop.
  5326 | D:7      | Reached skill level 5 in Fighting
  6210 | D:8      | Noticed Grum
  6232 | D:8      | Killed Grum
  6232 | D:8      | Reached skill level 5 in Dodging
  6309 | D:8      | Reached XP level 10. HP: 67/86 MP: 9/9
  6535 | D:8      | Found a flagged portal.
  6544 | Bailey   | Entered a bailey
  6621 | Bailey   | Noticed findtopher's ghost (novice DEFE)
  6630 | Bailey   | Killed findtopher's ghost
  7404 | D:6      | Bought a glowing double sword for 630 gold pieces
  7422 | D:6      | Reached skill level 1 in Long Blades
  7635 | D:9      | Found Patuhic's Magic Scroll Emporium.
  7643 | D:9      | Bought a scroll of identify for 26 gold pieces
  7644 | D:9      | Bought a scroll of remove curse for 39 gold pieces
  7691 | D:9      | Reached skill level 5 in Long Blades
  7784 | D:9      | Found a staircase to the Orcish Mines.
  8272 | D:10     | Entered Level 10 of the Dungeon
  8272 | D:10     | Found a staircase to the Lair.
  8279 | D:10     | Noticed Harold
  8485 | D:10     | Noticed HAWKINGL3623's ghost (journeyman HOBe)
  8495 | D:10     | Killed HAWKINGL3623's ghost
  8514 | D:10     | Killed Harold
  8514 | D:10     | Reached XP level 11. HP: 68/92 MP: 10/10
  8570 | D:10     | Found a shattered altar of Ashenzari.
  8688 | D:10     | Noticed a hill giant
  8711 | D:10     | Killed a hill giant
  8712 | D:10     | Reached skill level 10 in Long Blades
  8970 | D:10     | Noticed Joseph
  8979 | D:10     | Killed Joseph
 10718 | D:9      | Bought a scroll of enchant weapon for 97 gold pieces
 10803 | D:12     | Noticed a hill giant
 11153 | D:11     | Reached XP level 12. HP: 100/100 MP: 11/11
 11338 | D:11     | Bought a spiked plate armour for 728 gold pieces
 11356 | D:11     | Identified the cursed +0 plate armour of the Clam {Stlth+} (You bought it in a shop on level 11 of the Dungeon)
 11562 | D:12     | Reached skill level 15 in Shields
 12455 | D:12     | Noticed a death knight
 12471 | D:12     | Killed a death knight
 12871 | D:13     | Found a labyrinth entrance.
 12880 | Lab      | Entered a labyrinth
 13110 | Lab      | Found an exit through the horrors of the Abyss.
 13315 | Lab      | Noticed a minotaur
 13331 | Lab      | Killed a minotaur
 13768 | D:13     | Noticed a tengu warrior
 13770 | D:13     | Noticed a tengu warrior
 13818 | D:14     | Noticed a centaur warrior
 13824 | D:13     | Killed a tengu warrior
 13850 | D:13     | Reached skill level 15 in Long Blades
 13858 | D:13     | Reached XP level 13. HP: 68/105 MP: 12/12
 14938 | D:14     | Found a gate to the Vaults.
 15210 | D:14     | HP: 4/105 [meliai/divine providence (9)]
 16166 | Lair:1   | Entered Level 1 of the Lair of Beasts
 17140 | Lair:2   | Found a staircase to the Shoals.
 17703 | Lair:3   | Noticed Nevereven's ghost (journeyman GrEE)
 17716 | Lair:3   | Killed Nevereven's ghost
 17780 | Lair:3   | Reached XP level 14. HP: 107/119 MP: 13/13
 17849 | Lair:3   | Noticed findtopher's ghost (journeyman DEFE)
 17855 | Lair:3   | Killed findtopher's ghost
 17855 | Lair:3   | Reached skill level 10 in Fighting
 18017 | Lair:3   | You fall through a shaft for 3 floors!
 18017 | Lair:6   | Entered Level 6 of the Lair of Beasts
 19379 | Lair:4   | Found a hole to the Spider Nest.
 19750 | Lair:4   | Found a snail-covered altar of Cheibriados.
 21045 | Lair:6   | Found a viscous altar of Jiyva.
 21045 | Lair:6   | Found a staircase to the Slime Pits.
 21150 | Lair:6   | Found a burning altar of Makhleb.
 21736 | Lair:6   | Reached skill level 10 in Dodging
 21994 | Lair:6   | Found a gateway to Hell.
 22075 | Lair:6   | Reached XP level 15. HP: 139/139 MP: 14/14
 22278 | D:15     | Entered Level 15 of the Dungeon
 22292 | D:15     | Noticed Azrael
 22303 | D:15     | Noticed a tengu reaver
 22318 | D:15     | Killed a tengu reaver
 22353 | D:15     | Killed Azrael
 22403 | D:15     | Noticed a fire giant
 22412 | D:15     | Killed a fire giant
 22440 | D:15     | Got a scorched great sword
 22446 | D:15     | Identified the cursed +1 great sword of Pussox {slice, rPois rF+ Int+3} (You found it on level 15 of the Dungeon)
 22910 | D:15     | Found a staircase to the Depths.
 23257 | D:15     | Noticed an iron dragon
 23272 | D:15     | Killed an iron dragon
 23406 | D:15     | Identified 2 scrolls of acquirement
 23407 | D:15     | Got a bound ruby amulet
 23409 | D:15     | Identified the amulet "Vees" {Regen+ Int+5 SInv} (You acquired it on level 15 of the Dungeon)
 23411 | D:15     | Got a vibrating bone ring
 23413 | D:15     | Identified the ring "Tacosus" {rC+ MR+ Dex+2} (You acquired it on level 15 of the Dungeon)
 23781 | Orc:1    | Entered Level 1 of the Orcish Mines
 23795 | Orc:1    | Noticed Urug
 23808 | Orc:1    | Killed Urug
 23966 | Orc:2    | Entered Level 2 of the Orcish Mines
 23966 | Orc:2    | Found a staircase to the Elven Halls.
 24047 | Orc:2    | Found Inin's Jewellery Shoppe.
 24047 | Orc:2    | Found Ocvyamnu's Weapon Shop.
 24047 | Orc:2    | Found Zisenodd's Armour Shop.
 24047 | Orc:2    | Found Etue's Antique Weapon Emporium.
 24062 | Orc:2    | Found a flickering gateway to a bazaar.
 24072 | Bazaar   | Entered a bazaar
 24073 | Bazaar   | Found Pois's Jewellery Shop.
 24073 | Bazaar   | Found Votzef's Antique Weapon Boutique.
 24074 | Bazaar   | Found Agefed Wuu's Antique Weapon Emporium.
 24112 | Bazaar   | Found Qisiris's Food Emporium.
 24120 | Bazaar   | Bought a meat ration for 35 gold pieces
 24120 | Bazaar   | Bought a meat ration for 35 gold pieces
 24120 | Bazaar   | Bought a meat ration for 35 gold pieces
 24120 | Bazaar   | Bought a meat ration for 35 gold pieces
 24120 | Bazaar   | Bought a meat ration for 35 gold pieces
 24175 | Bazaar   | Bought the ring of Niunit {+Fly rPois Dex+3 Stlth-} for 243 gold pieces
 24409 | Orc:2    | Bought the +12 gold dragon scales of Faerunif {+Fly rPois rF+ rC+ Int+7 Dex+3 Slay-2} for 2219 gold pieces
 25308 | Spider:1 | Entered Level 1 of the Spider Nest
 25344 | Spider:1 | Reached XP level 16. HP: 147/147 MP: 15/15
 25543 | Spider:1 | Noticed Spif's ghost (journeyman HOFi)
 25563 | Spider:1 | Killed Spif's ghost
 25817 | Spider:1 | Noticed Rupert
 25822 | Spider:1 | Paralysed by Rupert for 6 turns
 25837 | Spider:1 | Killed Rupert
 26081 | Spider:1 | Got a jewelled mace
 26082 | Spider:1 | Identified the cursed +1 mace "Jonout" {freeze, MR+ Str+2 Int+3 Stlth+} (You found it on level 1 of the Spider Nest)
 26865 | Spider:2 | Reached skill level 15 in Dodging
 26921 | Spider:2 | Noticed Nikola
 26935 | Spider:2 | Killed Nikola
 28363 | Spider:4 | Entered Level 4 of the Spider Nest
 28785 | Spider:4 | Reached XP level 17. HP: 133/154 MP: 3/16
 29542 | Spider:4 | Got a gossamer rune of Zot
 29899 | Shoals:1 | Entered Level 1 of the Shoals
 29937 | Shoals:2 | Noticed Polyphemus
 30078 | Shoals:2 | Found Voamn's Distillery.
 30134 | Shoals:4 | Entered Level 4 of the Shoals
 30134 | Shoals:4 | Noticed Ilsuiw
 30160 | Shoals:4 | Noticed a kraken
 30160 | Shoals:4 | Killed Ilsuiw
 30225 | Shoals:4 | Noticed christhawk's ghost (adept HOFi)
 30241 | Shoals:4 | Killed christhawk's ghost
 30732 | Shoals:4 | Got a barnacled rune of Zot
 31149 | Shoals:2 | Killed Polyphemus
 31381 | Shoals:2 | Got a spiked cloak
 31399 | Shoals:2 | Identified the +1 cloak of Wula {rElec Dex-2 SInv} (You found it on level 2 of the Shoals)
 31462 | Shoals:2 | Bought a potion of might for 56 gold pieces
 31743 | Vaults:1 | Entered Level 1 of the Vaults
 31770 | Vaults:1 | Reached XP level 18. HP: 155/161 MP: 17/17
 32618 | Vaults:1 | Noticed a lich
 32636 | Vaults:1 | Killed a lich
 33170 | Vaults:2 | Found a flickering gateway to a bazaar.
 33178 | Bazaar   | Entered a bazaar
 33196 | Bazaar   | Found Byafarch's Armour Boutique.
 33232 | Bazaar   | Found Esoshompamut's Gadget Boutique.
 33242 | Bazaar   | Found Lastrilih's Assorted Antiques.
 33256 | Bazaar   | Found Kemme's Distillery.
 33272 | Bazaar   | Found Cuphefuab's Assorted Antiques.
 33310 | Bazaar   | Bought a potion of haste for 140 gold pieces
 33310 | Bazaar   | Bought a potion of might for 56 gold pieces
 33310 | Bazaar   | Bought a potion of agility for 56 gold pieces
 33310 | Bazaar   | Bought a potion of might for 56 gold pieces
 33320 | Bazaar   | Bought a potion of heal wounds for 70 gold pieces
 33320 | Bazaar   | Bought a potion of heal wounds for 70 gold pieces
 33786 | Vaults:2 | Reached skill level 15 in Fighting
 34300 | Vaults:2 | Reached XP level 19. HP: 171/174 MP: 18/18
 34986 | Vaults:3 | Found Rehistra's Weapon Boutique.
 35359 | Vaults:3 | Reached skill level 10 in Armour
 35388 | Vaults:3 | Noticed Donald
 35402 | Vaults:3 | Killed Donald
 35475 | Vaults:3 | Found a staircase to the Crypt.
 35613 | Vaults:3 | Found Desacui's Gadget Shop.
 35622 | Vaults:3 | Bought a wand of hasting (4/9) for 1056 gold pieces
 35780 | Vaults:3 | Found a glowing golden altar of the Shining One.
 36015 | Vaults:3 | Found Evorud's Magic Scroll Shop.
 36149 | Vaults:3 | Found Jayg's Gadget Boutique.
 36431 | Vaults:3 | Noticed Jorgrun
 36442 | Vaults:3 | Killed Jorgrun
 36908 | Vaults:4 | Found Aleigi's Antique Armour Shop.
 37013 | Vaults:4 | Reached XP level 20. HP: 164/184 MP: 19/19
 37175 | Vaults:4 | Reached skill level 15 in Armour
 38248 | Vaults:4 | Bought a scroll of fear for 70 gold pieces
 38248 | Vaults:4 | Bought a scroll of fog for 40 gold pieces
 38248 | Vaults:4 | Bought a scroll of blinking for 150 gold pieces
 38264 | Vaults:5 | Entered Level 5 of the Vaults
 38795 | Vaults:5 | Noticed Mennas
 38802 | Vaults:5 | Noticed an ancient lich
 38829 | Vaults:5 | Killed an ancient lich
 38835 | Vaults:5 | Noticed an ancient lich
 38900 | Vaults:5 | HP: 5/184 [lich/bolt of negative energy (27)]
 39262 | Vaults:5 | Reached XP level 21. HP: 179/191 MP: 20/20
 39327 | Vaults:5 | Killed Mennas
 39514 | Vaults:5 | Got a slimy golden ring
 39636 | Vaults:5 | Got a silver rune of Zot
 39840 | Vaults:5 | Identified the ring of the Villain {MR+ Slay+5} (You took it off an orc knight on level 5 of the Vaults)
 40066 | Vaults:5 | Killed an ancient lich
 40795 | Depths:1 | Entered Level 1 of the Depths
 40839 | Depths:1 | Found a gateway to a ziggurat.
 40846 | Depths:1 | Found Muamesuf's Gadget Boutique.
 40857 | Zig:1    | Entered Level 1 of a ziggurat
 41533 | Depths:1 | Found a portal to a secret trove of treasure.
 41947 | Depths:2 | Noticed Asterion
 41959 | Depths:2 | Killed Asterion
 42281 | Depths:2 | Found a one-way gate leading to the halls of Pandemonium.
 42369 | Depths:2 | HP: 9/191 [deep troll earth mage simulacrum[a necromancer] (11)]
 42781 | Depths:3 | Found Moakucuu's Food Shoppe.
 42785 | Depths:3 | Found Muwkugue's Antique Weapon Emporium.
 42786 | Depths:3 | Found Juxirr's Book Shoppe.
 42812 | Depths:3 | Noticed Jory
 42853 | Depths:3 | Killed Jory
 43103 | Depths:3 | Reached XP level 22. HP: 200/200 MP: 21/21
 43135 | Depths:3 | Paralysed by a floating eye for 2 turns
 43141 | Depths:3 | Paralysed by a floating eye for 4 turns
 44578 | Depths:4 | Noticed a juggernaut
 44616 | Depths:4 | Killed a juggernaut
 44838 | Depths:4 | Noticed a golden dragon
 45091 | Depths:4 | Found Iggije's Magic Scroll Shoppe.
 45283 | Depths:4 | Found a one-way gate to the infinite horrors of the Abyss.
 45303 | Depths:4 | Bought a scroll of teleportation for 45 gold pieces
 45613 | Depths:4 | Killed a golden dragon
 46038 | Depths:5 | Entered Level 5 of the Depths
 46200 | Depths:5 | Reached XP level 23. HP: 141/206 MP: 22/22
 46447 | Depths:5 | Found a gate to the Realm of Zot.
 46618 | Depths:5 | Noticed Xtahua
 46643 | Depths:5 | Killed Xtahua
 47590 | Depths:5 | Bought the ring "Qeohue" {*Contam rN+ MR+++ Str+2 SInv} for 648 gold pieces
 48329 | Shoals:2 | Bought a potion of cure mutation for 350 gold pieces
 48329 | Shoals:2 | Bought a potion of agility for 56 gold pieces
 48613 | Vaults:3 | Bought a scroll of teleportation for 60 gold pieces
 48613 | Vaults:3 | Bought 3 scrolls of acquirement for 3120 gold pieces
 48874 | Depths:5 | Got a pair of distressingly furry gloves
 48885 | Depths:5 | Identified the +2 pair of gloves of the Hippo {Dex+2} (You acquired it on level 5 of the Depths)
 48889 | Zot:1    | Entered Level 1 of the Realm of Zot
 49169 | Zot:1    | Gained mutation: You occasionally shout uncontrollably at your foes. [mutagenic glow]
 49224 | Zot:1    | Gained mutation: Your magical capacity is low. (-10% MP) [mutagenic glow]
 49272 | Zot:1    | Gained mutation: Scrolls take you a little longer to read. [mutagenic glow]
 49845 | Zot:2    | Reached XP level 24. HP: 193/222 MP: 20/20
 51407 | Zot:3    | Gained mutation: Your body sometimes deteriorates upon taking damage. [a neqoxec]
 52654 | Zot:4    | Reached XP level 25. HP: 218/245 MP: 20/20
 53018 | Zot:5    | Entered Level 5 of the Realm of Zot
 53567 | Zot:5    | Noticed an ancient lich
 53571 | Zot:5    | Noticed an orb of fire
 53606 | Zot:5    | Noticed an ancient lich
 53626 | Zot:5    | Killed an ancient lich
 53626 | Zot:5    | Killed an ancient lich
 53632 | Zot:5    | Noticed an orb of fire
 53632 | Zot:5    | Noticed an orb of fire
 53632 | Zot:5    | Noticed an ancient lich
 53637 | Zot:5    | Killed an orb of fire
 53638 | Zot:5    | Noticed an orb of fire
 53644 | Zot:5    | Gained mutation: Armour fits poorly on your strangely shaped body. [an orb of fire]
 53659 | Zot:5    | Gained mutation: You passively map a small area around you. [an orb of fire]
 53661 | Zot:5    | Killed an orb of fire
 53666 | Zot:5    | Killed an ancient lich
 53669 | Zot:5    | Gained mutation: You have sharp toenails. [an orb of fire]
 53670 | Zot:5    | Gained mutation: Scrolls take you longer to read. [an orb of fire]
 53682 | Zot:5    | Killed an orb of fire
 53691 | Zot:5    | Lost mutation: Scrolls take you longer to read. [potion of cure mutation]
 53691 | Zot:5    | Lost mutation: Scrolls take you a little longer to read. [potion of cure mutation]
 53691 | Zot:5    | Lost mutation: Armour fits poorly on your strangely shaped body. [potion of cure mutation]
 53691 | Zot:5    | Lost mutation: Your body sometimes deteriorates upon taking damage. [potion of cure mutation]
 53691 | Zot:5    | Lost mutation: You have sharp toenails. [potion of cure mutation]
 53691 | Zot:5    | Lost mutation: Your magical capacity is low. (-10% MP) [potion of cure mutation]
 54111 | Zot:5    | Got the Orb of Zot
 54599 | D:8      | Gained mutation: You regenerate slowly when monsters are visible. [a neqoxec]
 54600 | D:8      | Gained mutation: You are occasionally teleported next to monsters. [a neqoxec]
 54792 | D:$      | Escaped with the Orb!

Skill      XL: |  1  2  3  4  5  6  7  8  9 10 11 12 13 14 15 16 17 18 19 20 21 22 23 24 25 |
---------------+----------------------------------------------------------------------------+-----
Axes           | 3 4 5 6 |  6.5
Maces & Flails | 1 |  1.2
Shields        | 5 6 8 11 12 14 15 18 19 21 | 21.4
Armour         | 7 14 19 20 | 20.1
Fighting       | 7 9 14 16 17 19 23 26 | 26.1
Dodging        | 5 8 10 12 17 19 | 19.6
Long Blades    | 8 10 15 18 21 25 26 | 26.7
Throwing       | |  0.2
Evocations     | |  0.6

Action                   |  1- 3 |  4- 6 |  7- 9 | 10-12 | 13-15 | 16-18 | 19-21 | 22-24 | 25-27 || total
-------------------------+-------+-------+-------+-------+-------+-------+-------+-------+-------++-------
Melee: War axe           |   101 |     8 |   202 |    83 |       |       |       |       |       ||   394
       Headbutt          |    10 |    16 |    57 |   109 |   273 |   512 |   590 |   604 |    91 ||  2262
       Whip              |       |    90 |    85 |       |       |       |       |       |       ||   175
       Double sword      |       |       |       |   468 |  1052 |  1522 |  1692 |  1650 |   232 ||  6616
Invok: Potion Petition   |       |       |     1 |     1 |     3 |     2 |     1 |       |     1 ||     9
       Call Merchant     |       |       |       |     1 |       |       |     1 |     1 |       ||     3
       Bribe Branch      |       |       |       |       |       |     1 |     1 |       |     2 ||     4
 Abil: Evoke Flight      |       |       |       |       |       |     2 |       |       |       ||     2
Evoke: Wand              |       |       |       |       |    11 |       |     1 |     2 |     2 ||    16
  Use: Scroll            |     1 |     3 |    12 |    20 |     8 |     8 |    10 |    15 |     6 ||    83
       Potion            |       |     1 |     2 |    11 |     3 |     5 |     8 |     3 |     4 ||    37
 Stab: Distracted        |       |       |       |     5 |    10 |    16 |    22 |    11 |     8 ||    72
       Invisible         |       |       |       |     2 |     5 |       |       |       |       ||     7
       Held in net/web   |       |       |       |       |       |     1 |       |       |       ||     1
       Paralysed         |       |       |       |       |       |       |     2 |       |       ||     2
  Eat: Chunk             |     1 |     6 |     6 |       |       |       |       |       |       ||    13
       Beef jerky        |       |       |     1 |     2 |       |     1 |       |     2 |       ||     6
       Meat ration       |       |       |     1 |     1 |     3 |     4 |     5 |     6 |     1 ||    21
       Bread ration      |       |       |       |     3 |     5 |     4 |       |       |       ||    12
       Royal jelly       |       |       |       |     3 |     1 |       |       |     1 |     1 ||     6
       Pizza             |       |       |       |       |     3 |       |     1 |       |     1 ||     5
Armor: Scale mail        |    47 |       |     1 |       |       |       |       |       |       ||    48
       Ring mail         |     6 |    19 |     1 |       |       |       |       |       |       ||    26
       Plate armour      |       |       |   106 |   260 |   265 |       |       |       |       ||   631
       Skin              |       |       |       |    32 |       |       |       |       |       ||    32
       Gold dragon scale |       |       |       |       |    33 |   667 |   521 |   592 |    65 ||  1878
Dodge: Dodged            |    36 |    24 |    53 |   194 |   331 |   639 |   593 |   578 |    78 ||  2526
Block: Shield            |    50 |    52 |   172 |   419 |   636 |  1149 |  1159 |  1126 |   163 ||  4926
       Reflection        |       |       |       |     3 |    40 |    38 |    86 |    23 |       ||   190
       Rpst.: Double sword |       |       |       |    41 |    50 |   113 |   113 |    75 |    17 ||   409
